 Dungeon Crawl Stone Soup version 0.29-a0-380-gf50f0a9fbc (webtiles) character file.

Game seed: 5117215324718002704

1195 spaghetti the Ruffian (level 8, -4/58 HPs)
             Began as a Demonspawn Berserker on May 5, 2022.
             Was a Believer of Trog.
             Slain by Eustachio
             ... wielding a +4 falchion of holy wrath
              (11 damage)
             ... on level 6 of the Dungeon.
             The game lasted 00:12:57 (4619 turns).

spaghetti the Ruffian (Demonspawn Berserker)        Turns: 4619, Time: 00:12:58

Health: -4/58      AC:  3    Str: 17 (20) XL:     8   Next: 20%
Magic:  8/8        EV: 14    Int:  8 (9)  God:    Trog [**....]
Gold:   230        SH:  0    Dex:  9 (12) Spells: 7/7 levels left

rFire   . . .      SeeInvis .     - Unarmed
rCold   . . .      Faith    .   (no shield)
rNeg    . . .      Spirit   .   a - +0 animal skin
rPois   .          Reflect  .   (no helmet)
rElec   .          Harm     .   (no cloak)
rCorr   .          Rampage  .   (no gloves)
Will    ++...                   u - +0 pair of boots
Stlth   ..........              n - amulet of regeneration {@e2}
HPRegen 1.99/turn               (no ring)
MPRegen 0.11/turn               (no ring)

@: mighty, silenced, strong-willed (expiring), on berserk cooldown, regenerating
(expiring), slowed, very slow
A: repulsion field 1, demonic guardian 1, weakness stinger 1
a: Renounce Religion


You were on level 6 of the Dungeon.
You worshipped Trog.
Trog was pleased with you.
You visited 1 branch of the dungeon, and saw 6 of its levels.

You collected 230 gold pieces.


Innate Abilities, Weirdness & Mutations

You are surrounded by a mild repulsion field. (EV +2)
A weak demonic guardian rushes to your aid.
You have a small tail.


   Skills:
 - Level 3.0 Fighting
 + Level 4.9 Throwing
 + Level 5.4 Armour
 - Level 1.7 Dodging
 + Level 5.8 Unarmed Combat


You had 7 spell levels left.
You didn't know any spells.
Your spell library contained the following spells:

 Spells                   Type           Power      Damage    Failure   Level
 Summon Small Mammal      Summ           0%         N/A       41%         1
 Call Canine Familiar     Summ           0%         N/A       78%         3
 Confusing Touch          Hex            0%         N/A       78%         3
 Ignite Poison            Fire/Tmut/Pois 0%         N/A       78%         3
 Mephitic Cloud           Conj/Pois/Air  0%         N/A       78%         3
 Summon Guardian Golem    Hex/Summ       0%         N/A       78%         3
 Freezing Cloud           Conj/Ice/Air   0%         6-21      100%        5
 Yara's Violent Unravell  Hex/Tmut       0%         3d3       100%        5
 Enfeeble                 Hex            0%         N/A       100%        7

Inventory:

Hand Weapons
 b - a +0 club {mace}
   (You took it off a kobold on level 1 of the Dungeon)
 e - a +0 dagger {short}
   (You found it on level 1 of the Dungeon)
 f - a +0 short sword {short}
   (You took it off a kobold on level 1 of the Dungeon)
 i - a +0 club {mace}
   (You took it off a goblin on level 1 of the Dungeon)
Missiles
 c - 152 stones (quivered) {throwing}
 o - 12 poisoned darts {throwing}
 B - 6 atropa-tipped darts {throwing}
Armour
 a - a +0 animal skin (worn)
 u - a +0 pair of boots (worn)
   (You found it on level 3 of the Dungeon)
Magical Staves
 l - a staff of death {forbidden!astaff}
   (You found it on level 2 of the Dungeon)
Jewellery
 n - an amulet of regeneration (around neck) {@e2}
   (You found it on level 2 of the Dungeon)
 y - a ring of positive energy
   (You found it on level 5 of the Dungeon)
Wands
 r - a wand of flame (17)
   (You took it off Ijyb on level 3 of the Dungeon)
 A - a wand of digging (14)
   (You found it on level 5 of the Dungeon)
Scrolls
 d - 2 scrolls of silence {!r}
 g - 2 scrolls of poison {!r}
 h - 3 scrolls of enchant armour
 k - 4 scrolls of teleportation {@r4}
 p - 2 scrolls of magic mapping {!r}
 s - 3 scrolls of immolation {!r!r}
 w - a scroll of enchant weapon
 D - a scroll of blinking {unknown}
Potions
 q - a potion of curing {@q1}
 t - a potion of degeneration {!q@e2}
 x - a potion of berserk rage {unknown}
 z - a potion of cancellation {unknown}
 C - a potion of resistance {unknown}

Dungeon Overview and Level Annotations

Branches:
Dungeon (6/15)
 Temple: D:4-7

Altars:

Annotations:
D:6 Eustachio

#. ##... #.##...#
#.#>... #.....# ##
###..#..###... ..
#.#...))).....>.
.>.#.#.#$..)......$
...#.#.#..b5.......
.........#@5.#.....
..........@r.#.....
#........#.#.#.....
............... ..
..##.....#.#.##. .
.#...#............
.?...###...........
.....###..#........
...##..............


You could see Eustachio, a shadow imp (summoned, unsilenced, ally target), a
quokka (summoned), a bat (summoned) and a friendly quasit (summoned).


Message History

The white imp barely misses your white imp. 😕 HP[-1]
You take 1 damage, and now have 44/58 hp.
Unknown command.
You barely miss Eustachio. The quokka misses you.
Your white imp gestures at the white imp.
The puff of frost hits the white imp.
The white imp resists.
Eustachio hits you with a +4 falchion of holy wrath!
A demonic guardian appears!
You convulse!
* * * LOW HITPOINT WARNING * * *
The shadow imp closely misses you. The white imp hits your white imp.
The white imp freezes your white imp.
Your white imp completely resists.
The quokka barely misses you.
Your white imp hits the white imp.
Your white imp freezes the white imp.
The white imp completely resists. 😨 HP[-22]
You take 22 damage, and now have 22/58 hp.
MASSIVE DAMAGE!! (PAUSE)
You barely miss Eustachio.
Your tail-slap misses Eustachio.
The bat closely misses you. Eustachio completely misses you.
The shadow imp closely misses you.
The quokka bites you but does no damage.
The white imp hits your white imp. The white imp freezes your white imp.
Your white imp completely resists.
Your white imp hits the white imp.
Your white imp freezes the white imp.
The white imp completely resists.
Eustachio hits you with a +4 falchion of holy wrath.
* * * LOW HITPOINT WARNING * * *
You convulse.
* * * LOW HITPOINT WARNING * * *
The shadow imp hits you but does no damage. 😨 HP[-2]
You take 2 damage, and now have 20/58 hp.
Unknown command.
You closely miss Eustachio.
Your tail-slap misses Eustachio.
You feel the effects of Trog's Hand fading.
The quokka misses you.
Your quasit closely misses the shadow imp.
Your quasit claws the shadow imp but does no damage. x2
The white imp closely misses your white imp.
The bat closely misses you.
Your white imp barely misses the white imp.
The quokka barely misses you.
Eustachio screams, "Hey, you killed my favourite bat!"
Eustachio hits you with a +4 falchion of holy wrath.
* * * LOW HITPOINT WARNING * * *
You convulse.
* * * LOW HITPOINT WARNING * * *
Your quasit barely misses the shadow imp.
Your quasit claws the shadow imp but does no damage. x2
The shadow imp hits your quasit. The white imp hits your white imp.
Your white imp dies!
Your white imp disappears in a puff of smoke! 😱 HP[-9]
You take 9 damage, and now have 11/58 hp.
Unknown command.
Unknown command.
Okay, then.
Okay, then.
Really read
d - 3 scrolls of silence {!r}?
As you read the scroll of silence {!r}, it crumbles to dust.
A profound silence engulfs you.
The white imp disappears in a puff of smoke!
The bat closely misses you. The bat barely misses your quasit.
Your quasit misses the shadow imp.
Your quasit claws the shadow imp.
Your quasit barely misses the shadow imp.
The quokka closely misses you. Eustachio hits you but does no damage.
The shadow imp misses you.
Your quasit barely misses the shadow imp.
Your quasit claws the shadow imp.
Your quasit barely misses the shadow imp.
The quokka misses you. 😱 HP[+3]
You regained 3 hp, and now have 14/58 hp.
There are monsters nearby!
You barely miss Eustachio. The bat hits you but does no damage.
Eustachio hits you with a +4 falchion of holy wrath.
* * * LOW HITPOINT WARNING * * *
You convulse.
* * * LOW HITPOINT WARNING * * *
Your quasit bites the shadow imp but does no damage.
Your quasit claws the shadow imp but does no damage.
Your quasit claws the shadow imp.
The shadow imp completely misses you.
The quokka bites you but does no damage.
Eustachio misses you.
Your quasit closely misses the shadow imp.
Your quasit claws the shadow imp but does no damage.
Your quasit claws the shadow imp.
The shadow imp misses you. 😱 HP[-2]
You take 2 damage, and now have 12/58 hp.
Unknown command.
Unknown command.
You miss Eustachio. The quokka closely misses you. The bat barely misses you.
Your quasit bites the shadow imp.
Your quasit claws the shadow imp.
Your quasit claws the shadow imp but does no damage.
Eustachio hits you with a +4 falchion of holy wrath!
* * * LOW HITPOINT WARNING * * *
You convulse!
You die...

Skill      XL: |  1  2  3  4  5  6  7 |
---------------+----------------------+-----
Armour         | 2 3 4 5 |  5.4
Unarmed Combat | 3 4 5 |  5.8
Throwing       | 1 2 3 4 |  4.9
Fighting       | |  3.0
Dodging        | |  1.7

Action                   |  1- 3 |  4- 6 |  7- 9 || total
-------------------------+-------+-------+-------++-------
Melee: Unarmed           |   111 |   232 |   105 ||   448
       Punch             |       |     6 |     1 ||     7
       Tailslap          |       |       |    14 ||    14
Throw: Stone             |    52 |    37 |     2 ||    91
Invok: Berserk           |     1 |     3 |     3 ||     7
       Trog's Hand       |       |     2 |     1 ||     3
  Use: Scroll            |       |     8 |     2 ||    10
       Potion            |       |       |     5 ||     5
Armor: Animal skin       |    26 |    37 |    25 ||    88
Dodge: Dodged            |    90 |   160 |    90 ||   340

Levels and vault maps discovered:
D:1:      matt_arrival_refuge, layout_rooms, shapermc_ecumenical_altar_ellora,
          minmay_pentomino_z4
D:2:      layout_rooms
D:3:      layout_basic, minmay_misc_feat_nine_boxes, uniq_ijyb
D:4:      nicolae_cairo_tiling_very_big, layout_cave_pools,
          portal_sewer_entry_d, uniq_edmund
D:5:      layout_basic, serial_co_window_serial, co_window_paths_a,
          co_window_paths_a, co_window_paths_a, co_window_corner_a,
          co_window_of_opportunity_a, co_window_broadway_a, co_window_corner_cb,
          co_window_2corner, co_window_corner_cb, co_window_of_opportunity_b,
          co_window_of_opportunity_b, co_window_of_opportunity_b,
          co_window_4corner_b, co_window_paths_e, glass_columns_b,
          hangedman_decor_points, amcnicky_mini_corridor_feature, nrook_campfire
D:6:      layout_rooms, uniq_pikel, uniq_sigmund, uniq_eustachio

Notes
Turn   | Place    | Note
-------+----------+-------------------------------------------
     0 | D:1      | spaghetti the Demonspawn Berserker began the quest for the
                  | Orb.
     0 | D:1      | Reached XP level 1. HP: 18/18 MP: 1/1
     0 | D:1      | magus.rc [v1.9.6]
   175 | D:1      | You add the spells Ignite Poison, Mephitic Cloud and
                  | Freezing Cloud to your library.
   368 | D:1      | You pick up a book of Misfortune {forbidden} and begin
                  | reading...
   368 | D:1      | You add the spells Confusing Touch, Yara's Violent
                  | Unravelling and Enfeeble to your library.
   397 | D:1      | Reached skill level 2 in Armour
   456 | D:1      | Gained mutation: You are surrounded by a mild repulsion
                  | field. (EV +2) [demonic ancestry]
   456 | D:1      | Reached XP level 2. HP: 23/24 MP: 2/2
   500 | D:1      | Reached skill level 3 in Unarmed Combat
   914 | D:1      | Found a faded altar of an unknown god.
  1253 | D:2      | Reached skill level 1 in Throwing
  1441 | D:2      | Reached ** piety under Trog
  1442 | D:2      | Gained mutation: A weak demonic guardian rushes to your
                  | aid. [demonic ancestry]
  1442 | D:2      | Reached XP level 3. HP: 27/29 MP: 3/3
  1748 | D:3      | Noticed Ijyb
  1760 | D:3      | Killed Ijyb
  1761 | D:3      | Reached XP level 4. HP: 12/35 MP: 4/4
  2274 | D:3      | You pick up a book of Callings {forbidden} and begin
                  | reading...
  2274 | D:3      | You add the spells Summon Small Mammal, Call Canine
                  | Familiar and Summon Guardian Golem to your library.
  2613 | D:4      | Noticed Edmund
  2634 | D:4      | Killed Edmund
  2635 | D:4      | Reached skill level 2 in Throwing
  2635 | D:4      | Reached skill level 3 in Armour
  2635 | D:4      | Reached skill level 4 in Unarmed Combat
  2635 | D:4      | Reached XP level 5. HP: 24/41 MP: 5/5
  2832 | D:4      | Noticed a black bear
  2841 | D:4      | HP: 9/41 [black bear (7)]
  2876 | D:4      | Reached XP level 6. HP: 26/47 MP: 6/6
  2883 | D:4      | Reached skill level 3 in Throwing
  3111 | D:4      | Reached skill level 4 in Armour
  3431 | D:5      | Entered Level 5 of the Dungeon
  3450 | D:5      | Gained mutation: You have a small tail. [demonic ancestry]
  3450 | D:5      | Reached XP level 7. HP: 52/52 MP: 7/7
  3482 | D:5      | Noticed a hornet
  3494 | D:5      | Paralysed by a hornet for 1 turns
  3501 | D:5      | Killed a hornet
  3502 | D:5      | Reached skill level 4 in Throwing
  3502 | D:5      | Reached skill level 5 in Unarmed Combat
  3704 | D:5      | Reached skill level 5 in Armour
  4452 | D:5      | Reached XP level 8. HP: 45/58 MP: 8/8
  4523 | D:6      | Noticed Eustachio
  4616 | D:6      | HP: 11/58 [Eustachio/+4 falchion of holy wrath (5)]
  4619 | D:6      | Slain by Eustachio

Vanquished Creatures
  A hornet (D:5)
  Edmund (D:4)
  A black bear (D:4)
  A centaur (D:5)
  A phantom (D:5)
  A necrophage (D:4)
  A scorpion (D:5)
  2 hounds
  A jelly (D:5)
  4 orc priests
  Ijyb (D:3)
  A gnoll shaman (D:5)
  An iguana (D:5)
  3 orc wizards
  3 gnolls (D:5)
  3 adders
  A worm (D:4)
  A dart slug (D:2)
  15 orcs
  3 ball pythons
  6 endoplasms
  2 giant cockroaches
  6 goblins
  8 hobgoblins
  9 jackals
  6 kobolds
  3 quokkas
  4 bats
  3 frilled lizards
  3 rats
96 creatures vanquished.

Vanquished Creatures (collateral kills)
  A ball python (D:3)
  A goblin (D:4)
  2 jackals (D:3)
4 creatures vanquished.

Grand Total: 100 creatures vanquished

Table legend:
 A = Non-vault XP
 B = Vault XP
 C = Vault XP percentage of total XP
 D = Non-vault monster count
 E = Vault monster count
 F = Vault count percentage of total count
                 A         B        C        D         E       F
            +---------+---------+-------+---------+---------+-------
      Total |    1494 |     214 |  12.5 |      93 |       7 |   7.0
            +---------+---------+-------+---------+---------+-------
        D:1 |      26 |       7 |  21.2 |      16 |       4 |  20.0
        D:2 |      16 |       0 |   0.0 |       8 |       0 |   0.0
        D:3 |      62 |      39 |  38.6 |      24 |       1 |   4.0
        D:4 |     338 |     168 |  33.2 |      22 |       2 |   8.3
        D:5 |     798 |       0 |   0.0 |      12 |       0 |   0.0
        D:6 |     254 |       0 |   0.0 |      11 |       0 |   0.0
            +---------+---------+-------+---------+---------+-------

Illustrated notes

Table legend:
 A = Kills in this place as a percentage of kills in entire the game.
 B = Kills by you in this place as a percentage of kills by you in the entire game.
 C = Kills by friends in this place as a percentage of kills by friends in the entire game.
 D = Other kills in this place as a percentage of other kills in the entire game.
 E = Experience gained in this place as a percentage of experience gained in the entire game.
 F = Experience gained in this place divided by the number of levels of this place that you have seen.
                   A       B       C       D       E      F
               +-------+-------+-------+-------+-------+----------------------
         Total | 100.0 | 100.0 | 100.0 |   N/A | 100.0 | 284.7
       Dungeon | 100.0 | 100.0 | 100.0 |   N/A | 100.0 | 284.7
               +-------+-------+-------+-------+-------+----------------------

Table legend: (Time is in decaauts)
 A = Elapsed time spent in this place.
 B = Non-inter-level travel time spent in this place.
 C = Inter-level travel time spent in this place.
 D = Time resting spent in this place.
 E = Time spent auto-exploring this place.
 F = Levels seen in this place.
 G = Mean time per level.
                   A        B        C        D        E       F      G
               +--------+--------+--------+--------+--------+-----+--------+
         Total |   4643 |   4357 |    286 |    351 |   3127 |   6 |  773.8 |
       Dungeon |   4643 |   4357 |    286 |    351 |   3127 |   6 |  773.8 |
               +--------+--------+--------+--------+--------+-----+--------+

Top non-repeatable levels by time:
     D:1: 1245 daAuts
     D:5: 1110 daAuts
     D:3: 923 daAuts
     D:4: 804 daAuts
     D:2: 471 daAuts
     D:6: 87 daAuts
